 Dungeon Crawl Stone Soup version 0.25-a0-681-gdf4e720381 (webtiles) character file.

Game seed: 15415220062356252326, levelgen mode: deterministic

62 CryoSword the Vexing (level 3, -2/24 HPs)
             Began as a Vampire Enchanter on Mar 30, 2020.
             Slain by a gnoll
             ... wielding a +0 halberd
              (17 damage)
             ... on level 2 of the Dungeon.
             The game lasted 00:05:40 (1942 turns).

CryoSword the Vexing (Vampire Enchanter)            Turns: 1942, Time: 00:05:40

Health: -2/24      AC:  2    Str:  7    XL:     3   Next: 85%
Magic:  4/6        EV: 12    Int: 18    God:
Gold:   58         SH:  0    Dex: 14    Spells: 0/6 levels left

rFire    . . .     SeeInvis +   a - +1 dagger
rCold    . . .     Gourm    .   (no shield)
rNeg     . . .     Faith    .   b - +0 robe
rPois    +         Spirit   .   (no helmet)
rElec    .         Reflect  .   (no cloak)
rCorr    .         Harm     .   (no gloves)
MR       .....                  (no boots)
Stlth    +++.......             g - amulet of regeneration
HPRegen  0.68/turn              e - ring of poison resistance
MPRegen  0.10/turn              (no ring)

@: regenerating quickly
A: no food, fangs 3, see invisible, unbreathing
a: Exsanguinate


You were on level 2 of the Dungeon.
You were alive.

You visited 1 branch of the dungeon, and saw 2 of its levels.

You collected 58 gold pieces.

Inventory:

Hand Weapons
 a - a +1 dagger (weapon)
Armour
 b - a +0 robe (worn)
Jewellery
 e - a ring of poison resistance (left hand)
   (You found it on level 1 of the Dungeon)
 g - an amulet of regeneration (around neck)
   (You took it off a kobold on level 1 of the Dungeon)
Wands
 l - a wand of scattershot (7)
   (You found it on level 2 of the Dungeon)
Scrolls
 c - 3 scrolls of identify {unknown}
 d - a scroll of blinking {unknown}
 h - a scroll of remove curse {unknown}
 i - 2 scrolls of fear {unknown}
Potions
 f - a potion of mutation {unknown}
 j - 2 potions of ambrosia {unknown}
 k - a potion of curing {unknown}
 m - a potion of heal wounds {unknown}


   Skills:
 + Level 2.2 Short Blades
 - Level 2.1 Dodging
 + Level 5.3 Stealth
 - Level 2.0 Spellcasting
 + Level 5.7 Hexes
 + Level 0.4 Ice Magic


You couldn't memorise any spells.
You knew the following spells:

 Your Spells              Type           Power        Failure   Level  Hunger
a - Corona                Hex            ###....      1%          1    N/A
b - Ensorcelled Hibernat  Hex/Ice        ##....       8%          2    N/A
c - Confusing Touch       Hex            ###.....     4%          3    N/A

Your spell library contained the following spells:

 Spells                   Type           Power        Failure   Level  Hunger
 Tukima's Dance           Hex            ###.....     4%          3    N/A
 Dazzling Flash           Conj/Hex       ##....       17%         3    N/A

Dungeon Overview and Level Annotations

Branches:
Dungeon (2/15)

Altars:

Annotations:
D:2 1 exclusion


Innate Abilities, Weirdness & Mutations

You do not eat.
Your natural rate of healing is unusually fast.
You have razor-sharp teeth.
You have supernaturally acute eyesight. (SInv)
You can survive without breathing.


Message History

You hit the kobold but do no damage. The kobold barely misses you.
Aim: a kobold, wielding a +0 whip and wearing a cursed +0 scale mail (chance to defeat MR: 60%)
The kobold looks drowsy...
The helpless kobold fails to defend itself.
You puncture the kobold!
You kill the kobold!
No target in view!
No target in view!
Things that are here:
a +0 whip; a cursed +0 scale mail; a kobold corpse
h - a scroll labeled BINNUR KERCHO
Found a helmet.
i - a scroll labeled TUNNYC HUEHOS You see here a +0 whip.
A hobgoblin comes into view. It is wielding a +0 club.
A hobgoblin is nearby!
The hobgoblin shouts!
Aim: a hobgoblin, wielding a +0 club (chance to defeat MR: 60%)
You miscast Ensorcelled Hibernation.
You are very lightly contaminated with residual magic.
You hear an indistinct dissonance whispering inside your mind.
Aim: a hobgoblin, wielding a +0 club (chance to defeat MR: 60%)
The hobgoblin looks drowsy...
The helpless hobgoblin fails to defend itself.
You impale the hobgoblin!!
You kill the hobgoblin!
No target in view!
No target in view!
Your magical contamination has completely faded away.
c - 3 scrolls labeled HIMEXU EREI (gained 2)
You now have 42 gold pieces (gained 5).
Things that are here:
a +0 club; a cursed -1 hunting sling
There is an open door here.
Done exploring.
Done exploring.
Done exploring.
Done exploring.
No target in view!
There is an open door here.
Things that are here:
a +0 club; a hobgoblin skeleton
There is a stone staircase leading down here.
You climb downwards.
Found 21 bolts.
There is a stone staircase leading up here.
You see here 21 bolts.
An ooze comes into view.
You see here 16 gold pieces.
An ooze is nearby!
An ooze is nearby!
Aim: an ooze (hasn't noticed you, chance to defeat MR: 42%)
The ooze looks drowsy...
The helpless ooze fails to defend itself.
You impale the ooze!!
You kill the ooze!
No target in view!
No target in view!
You now have 58 gold pieces (gained 16).
You open the door.
A quokka comes into view.
A quokka is nearby!
A quokka is nearby!
A quokka is nearby!
There is an open door here.
Found a scroll labeled TUNNYC HUEHOS.
You miss the quokka. The quokka closely misses you.
You closely miss the quokka. The quokka barely misses you.
Aim: a quokka (chance to defeat MR: 61%)
The quokka looks drowsy...
The helpless quokka fails to defend itself.
You impale the quokka!!
You kill the quokka!
No target in view!
You see here a quokka corpse.
i - 2 scrolls labeled TUNNYC HUEHOS (gained 1)
You open the door.
There is an open door here.
There is an open door here.
You open the door.
There is an open door here.
Found a ring mail.
You see here a ring mail.
Found a stone staircase leading up.
There is a stone staircase leading up here.
You open the door. 4 gnolls come into view.
Found a long sword.
You close the door.
Okay, then.
Found a ration.
A bat comes into view.
The helpless bat fails to defend itself.
You impale the bat!!
You kill the bat!
No target in view!
No target in view!
A kobold comes into view.
The kobold moves out of view.
The kobold is too close now for your liking.
You catch the helpless kobold completely off-guard!
You puncture the kobold!
You kill the kobold!
j - 2 dark potions You see here a kobold corpse.
Found a stone staircase leading down.
Found a ration.
There is a stone staircase leading down here.
k - a murky ruby potion You see here a ration {!d}.
l - a wand of scattershot (7)
You open the door.
You close the door.
You see here a ration {!d}.
Found a mace.
Found a ration.
You see here a mace.
A kobold comes into view. It is wielding a +0 dagger.
The kobold shouts!
You see here a mace.
Aim: a gnoll, wielding a +0 halberd (chance to defeat MR: 51%)
The gnoll resists with some effort.
The gnoll hits you from afar with a +0 halberd.
Aim: a gnoll, wielding a +0 halberd (chance to defeat MR: 51%)
The gnoll looks drowsy...
The helpless gnoll fails to defend itself.
You impale the gnoll!!
You kill the gnoll!
You start resting.
You see here a +0 halberd.
You hit the kobold.
You kill the kobold!
m - a puce potion
Things that are here:
a +0 dagger; a kobold corpse You see here a mace.
The gnoll shouts!
You hear a shout!
The gnoll is too close now for your liking.
You see here a mace.
Aim: a gnoll, wielding a +0 flail (chance to defeat MR: 51%)
The gnoll looks drowsy...
The gnoll closely misses you.
The gnoll shouts!
You closely miss the gnoll. The gnoll barely misses you.
You hit the gnoll but do no damage. The gnoll barely misses you. x2
You hit the gnoll. The gnoll misses you.
You hit the gnoll but do no damage. The gnoll hits you with a +0 flail!
The gnoll hits you from afar with a +0 halberd!
Ouch! That really hurt!
You die...

###.# g.... #.###.#.#
....# ... #.##..#.#
##### #'# #.##%##.# #
#.# #.##.##.# # #.#
#.).)...# # ## ##g##
#######.#### #
....#...## #.......#
#
.........####.#######
# ..%......gg@..# #
.....##.########
..... #.# .... #.#
#... #.# #. ..


You could see 2 gnolls.

Vanquished Creatures
  A gnoll (D:2)
  An ooze (D:2)
  A dart slug (D:1)
  2 leopard geckos (D:1)
  3 bats
  2 giant cockroaches (D:1)
  3 goblins (D:1)
  3 hobgoblins (D:1)
  10 jackals (D:1)
  5 kobolds
  A quokka (D:2)
  3 frilled lizards (D:1)
  2 rats (D:1)
37 creatures vanquished.

Notes
Turn   | Place    | Note
-------+----------+-------------------------------------------
     0 | D:1      | CryoSword the Vampire Enchanter began the quest for the
                  | Orb.
     0 | D:1      | Reached XP level 1. HP: 13/13 MP: 3/3
   225 | D:1      | Reached XP level 2. HP: 19/19 MP: 3/5
   240 | D:1      | Learned a level 2 spell: Ensorcelled Hibernation
   389 | D:1      | Reached skill level 5 in Hexes
   736 | D:1      | Reached skill level 5 in Stealth
   797 | D:1      | Reached XP level 3. HP: 24/24 MP: 3/6
   802 | D:1      | Learned a level 3 spell: Confusing Touch
  1942 | D:2      | Slain by a gnoll

Levels and vault maps discovered:
D:1:      dpeg_arrival_pits, layout_loops_corners
D:2:      layout_loops_corners, makhleb_altar_promises_db

Skill      XL: |  1  2  3 |
---------------+----------+-----
Hexes          | 5 |  5.7
Stealth        | 5 |  5.3
Short Blades   | 2 |  2.2
Dodging        | |  2.1
Spellcasting   | |  2.0
Ice Magic      | |  0.4

Action                   || total
-------------------------++-------
Melee: Dagger            ||   155
       Bite              ||     8
 Cast: Corona            ||    23
       Ensorcelled Hiber ||    19
 Stab: Sleeping          ||    10
       Distracted        ||     2
Armor: Robe              ||    41
Dodge: Dodged            ||   166

Table legend:
 A = Non-vault XP
 B = Vault XP
 C = Vault XP percentage of total XP
 D = Non-vault monster count
 E = Vault monster count
 F = Vault count percentage of total count
                 A         B        C        D         E       F
            +---------+---------+-------+---------+---------+-------
      Total |      89 |       0 |   0.0 |      37 |       0 |   0.0
            +---------+---------+-------+---------+---------+-------
        D:1 |      61 |       0 |   0.0 |      31 |       0 |   0.0
        D:2 |      28 |       0 |   0.0 |       6 |       0 |   0.0
            +---------+---------+-------+---------+---------+-------
